 Dungeon Crawl Stone Soup version 0.28-a0-750-g7c675f85b1 (webtiles) character file.

Game seed: 10134079136494928696

69687 karkarkar the Severer (level 14, -15/138 HPs)
             Began as a Minotaur Fighter on Oct 29, 2021.
             Was a High Priest of Okawaru.
             Demolished by a two-headed ogre (18 damage)
             ... while paralysed by an ogre mage
             ... on level 2 of the Orcish Mines.
             The game lasted 01:09:37 (24250 turns).

karkarkar the Severer (Minotaur Fighter)           Turns: 24250, Time: 01:09:38

Health: -15/138    AC: 23    Str: 28    XL:     14   Next: 91%
Magic:  14/18      EV:  2    Int: 11    God:    Okawaru [*****.]
Gold:   1352       SH:  0    Dex: 19    Spells: 13/13 levels left

rFire   . . .      SeeInvis .   a - +5 broad axe (vorpal)
rCold   + . .      Faith    .   c - +0 buckler
rNeg    . . .      Spirit   .   M - +0 plate armour
rPois   +          Reflect  .   P - +2 hat
rElec   +          Harm     .   W - +0 cloak
rCorr   .          Rampage  .   x - +1 pair of gloves "Seut" {Contam rPois Dex+4}
Will    +....                   O - +0 pair of boots {Fly}
Stlth   ..........              (no amulet)
HPRegen 0.33/turn               A - ring "Baeh" {rPois rC+ Str-2 Dex+6}
MPRegen 0.16/turn               i - ring "Reseen" {rElec Str+3 Int+6}

@: paralysed, finesse-ful, flying
A: horns 2, retaliatory headbutt
a: Renounce Religion, Heroism, Finesse, Duel


You were on level 2 of the Orcish Mines.
You worshipped Okawaru.
Okawaru was extremely pleased with you.
You visited 4 branches of the dungeon, and saw 20 of its levels.
You also visited: Volcano.

You collected 1402 gold pieces.
You spent 50 gold pieces at shops.

Inventory:

Hand Weapons
 a - a +5 vorpal broad axe (weapon)
 b - a +0 scimitar of flaming
 n - a +0 war axe
Missiles
 s - 39 poisoned darts
 w - 6 boomerangs
 z - 6 atropa-tipped darts
 C - 7 curare-tipped darts
 T - 3 javelins
 X - a silver javelin
Armour
 c - a +0 buckler (worn)
 x - the +1 pair of gloves "Seut" (worn) {Contam rPois Dex+4}
   (Okawaru gifted it to you on level 3 of the Lair of Beasts)

   Dex:       It affects your dexterity (+4).
   rPois:     It protects you from poison.
   Contam:    It causes magical contamination when unequipped.
 F - the +0 tower shield "Forget-Me-Not" {rPois rF+ rCorr Int+4}
   (Okawaru gifted it to you on level 1 of the Orcish Mines)

   Int:       It affects your intelligence (+4).
   rF:        It protects you from fire.
   rPois:     It protects you from poison.
   rCorr:     It protects you from acid and corrosion.
 M - a +0 plate armour (worn)
 O - a +0 pair of boots of flying (worn)
 P - a +2 hat (worn)
 W - a +0 cloak (worn)
Jewellery
 i - the ring "Reseen" (right hand) {rElec Str+3 Int+6}
   (You found it on level 4 of the Dungeon)

   [ring of intelligence]

   Str:       It affects your strength (+3).
   Int:       It affects your intelligence (+6).
   rElec:     It insulates you from electricity.
 m - a ring of protection from fire
 o - a ring of see invisible
 A - the ring "Baeh" (left hand) {rPois rC+ Str-2 Dex+6}
   (You found it on level 7 of the Dungeon)

   [ring of protection from cold]

   Str:       It affects your strength (-2).
   Dex:       It affects your dexterity (+6).
   rC:        It protects you from cold.
   rPois:     It protects you from poison.
 I - a ring of resist corrosion
Wands
 L - a wand of flame (11)
 N - a wand of polymorph (16)
 Q - a wand of iceblast (1) (quivered)
Scrolls
 d - 2 scrolls of noise
 f - 3 scrolls of amnesia
 q - 5 scrolls of immolation
 t - a scroll of silence
 u - a scroll of vulnerability
 y - 2 scrolls of enchant armour
 B - 2 scrolls of holy word
 H - 3 scrolls of magic mapping
 K - 4 scrolls of teleportation
 R - 3 scrolls of fear
 U - a scroll of torment
 V - 3 scrolls of fog
Potions
 e - 3 potions of heal wounds
 g - 3 potions of flight
 h - 9 potions of lignification
 j - 4 potions of mutation
 k - a potion of brilliance
 l - 2 potions of haste
 p - 8 potions of curing
 r - 3 potions of might
 v - 2 potions of resistance
 D - a potion of attraction {unknown}
 E - a potion of ambrosia
 J - 2 potions of berserk rage
 S - a potion of magic {unknown}
Miscellaneous
 G - a lightning rod (1/4)


   Skills:
 + Level 16.9 Fighting
 - Level 1.1 Long Blades
 - Level 18.0 Axes
 * Level 8.7 Throwing
 + Level 13.1 Armour
 - Level 2.5 Stealth
 * Level 7.7 Shields
 * Level 7.9 Invocations
 * Level 2.5 Evocations


You had 13 spell levels left.
You didn't know any spells.
Your spell library contained the following spells:

 Spells                   Type           Power      Damage    Failure   Level
 Apportation              Tloc           0%         N/A       94%         1
 Sting                    Tmut/Pois      0%         1d3       94%         1
 Blink                    Tloc           0%         N/A       98%         2
 Ensorcelled Hibernation  Hex/Ice        0%         N/A       98%         2
 Poisonous Vapours        Pois/Air       0%         N/A       98%         2
 Scorch                   Fire           0%         2d5       98%         2
 Dazzling Flash           Conj/Hex       0%         N/A       100%        3
 Spider Form              Tmut/Pois      0%         N/A       100%        3
 Stone Arrow              Conj/Erth      0%         3d7       100%        3
 Flame Wave               Conj/Fire      0%         3d3       100%        4
 Iskenderun's Mystic Bla  Conj/Tloc      0%         2d3       100%        4
 Olgreb's Toxic Radiance  Pois           0%         N/A       100%        4
 Passage of Golubria      Tloc           0%         N/A       100%        4
 Alistair's Intoxication  Tmut/Pois      0%         N/A       100%        5
 Blade Hands              Tmut           0%         N/A       100%        5
 Fireball                 Conj/Fire      0%         3d3       100%        5
 Manifold Assault         Tloc           0%         N/A       100%        5
 Silence                  Hex/Air        0%         N/A       100%        5
 Invisibility             Hex            0%         N/A       100%        6
 Iron Shot                Conj/Erth      0%         9d1       100%        6
 Starburst                Conj/Fire      0%         6d3       100%        6
 Storm Form               Tmut/Air       0%         N/A       100%        7
 Lehudib's Crystal Spear  Conj/Erth      0%         10d2      100%        8
 Animate Skeleton         Necr           Unusable   N/A       N/A         1
 Summon Small Mammal      Summ           Unusable   N/A       N/A         1
 Animate Armour           Summ/Erth      Unusable   N/A       N/A         4
 Summon Cactus Giant      Summ           Unusable   N/A       N/A         6

Dungeon Overview and Level Annotations

Branches:
Dungeon (11/15)            Temple (1/1) D:5            Lair (6/6) D:8
 Shoals (0/4) Lair:4        Snake (0/4) Lair:3        Slime (0/5) Lair:5
    Orc (2/2) D:11        Volcano (visited)
    Elf: Orc:2

Altars:
Ashenzari
Cheibriados
Dithmenos
Elyvilon
Gozag
Hepliaklqana
Kikubaaqudgha
Nemelex Xobeh
Okawaru
Uskayaw
Wu Jian
Xom
The Shining One
Beogh
Jiyva

Shops:
D:7 *   Orc:1 [([

Annotations:
D:7 4 runed translucent doors
D:9 3 runed translucent doors, mordus's ghost, novice FoFi
Orc:1 3 runed translucent doors, Plog's ghost, journeyman MiBe


Innate Abilities, Weirdness & Mutations

You have a pair of horns on your head.
You reflexively headbutt those who attack you in melee.


Message History

The orc high priest utters an invocation to Beogh.
The orc hits you but does no damage. The ogre hits you but does no damage.
The troll bites you but does no damage.
The troll claws you but does no damage. x2
The ogre mage casts a spell at you. You resist with some effort.
An orc comes into view.
It is wielding a +1 falchion of electrocution.
The ogre hits you with a +0 giant spiked club.
The orc warrior hits you but does no damage.
The orc high priest prays to Beogh.
The orc hits you with a +0 club. The ogre hits you with a +0 giant club.
An orc comes into view. It is wielding a +0 hand axe.
The ogre mage hits you but does no damage.
The troll bites you.
The troll claws you but does no damage. x2
The ogre hits you with a +0 giant spiked club!!
The chaos spawn degenerates into a cloud of primal chaos!
The orc warrior hits you but does no damage.
The ogre hits you with a +0 giant spiked club.
The orc hits you but does no damage.
The orc sorcerer casts a spell.
The troll bites you but does no damage.
The troll claws you but does no damage. x2
The two-headed ogre hits you with a +0 giant club!
* * * LOW HITPOINT WARNING * * *
The two-headed ogre hits you but does no damage.
The ogre mage hits you but does no damage.
The ogre hits you with a +0 giant club!!
* * * LOW HITPOINT WARNING * * *
The ogre is engulfed in seething chaos.
The ogre evaporates and reforms as a sky beast!
The ogre barely misses you.
The orc warrior hits you but does no damage.
The orc hits you but does no damage.
The ogre hits you with a +0 giant spiked club!
* * * LOW HITPOINT WARNING * * *
The troll bites you but does no damage. The troll claws you but does no damage.
The troll claws you.
* * * LOW HITPOINT WARNING * * *
The ogre mage points at you and mumbles some strange words.
You shrug off the repeated paralysis!
The ogre hits you but does no damage.
The two-headed ogre hits you with a +0 giant club!!
You die...

..........
.........
.........
.o.....#. . #
##oo......
...#.#Oooo.....
.....oOooo....#
....OTO@Oo....#
....OOOOTo.....
.....OTOoO....#
....OYOo4o4....
.#O#oOTCo......
.. O..o4.......
. ....4........
.((.......#...


You could see an orc high priest, 4 two-headed ogres, 2 ogre magi, a deep troll,
a cyclops, a hellwing (summoned), 2 rust devils, 3 trolls, an orc sorcerer, a
red devil (summoned), 4 orc warriors, a sky beast, 11 ogres, 2 orc priests and
10 orcs.

Vanquished Creatures
  A stone giant (Volcano)
  A dire elephant (Lair:6)
  An ettin (Orc:1)
  5 hydras
  A catoblepas (Lair:6)
  A centaur warrior (D:8)
  A deep troll shaman (Lair:6)
  8 two-headed ogres
  15 death yaks
  A deep troll (Orc:2)
  4 deep elf pyromancers
  Pikel (D:5)
  Joseph (D:7)
  13 elephants
  3 torpor snails (Lair:3)
  11 black mambas
  15 cane toads
  A gargoyle (Volcano)
  3 rime drakes
  An unseen horror (D:11)
  3 kobold demonologists (D:8)
  2 efreet
  9 komodo dragons
  9 trolls
  6 polar bears
  A hornet (D:9)
  17 blink frogs
  9 dream sheep
  A shadow (D:9)
  4 wyverns
  3 wraiths
  Eustachio (D:5)
  2 fire elementals (Volcano)
  52 yaks
  A basilisk (Lair:6)
  3 steam dragons
  16 water moccasins
  A swamp drake (D:11)
  6 black bears
  A hornet zombie (D:5)
  4 orc warriors
  3 sky beasts
  4 ice beasts
  6 ogres
  A necrophage (D:7)
  14 wolves
  11 centaurs
  3 phantoms
  2 lemures (D:5)
  3 kobold brigands
  An earth elemental (Volcano)
  13 bullfrogs
  A gnoll sergeant (D:11)
  3 scorpions
  3 water moccasin zombies
  A wyvern skeleton (D:7)
  12 killer bees
  2 electric eels (Lair:2)
  3 wights (D:8)
  8 howler monkeys
  5 centaur zombies
  2 bullfrog skeletons (D:5)
  5 bullfrog zombies
  4 centaur skeletons (D:5)
  7 hounds
  4 jellies
  9 orc priests
  3 gnoll shamans
  2 scorpion zombies (D:5)
  3 iguanas
  9 orc wizards
  6 hell rats (Lair:4)
  A killer bee zombie (D:8)
  A hound zombie (D:5)
  5 hound skeletons
  2 howler monkey zombies
  8 gnolls
  5 adders
  A shadow imp (D:7)
  3 white imps (D:7)
  An ufetubus (D:5)
  An adder skeleton (D:5)
  A worm (D:3)
  4 dart slugs
  44 orcs
  5 bats
  An endoplasm (D:2)
  A giant cockroach (D:3)
  6 goblins
  9 hobgoblins
  3 jackals
  11 kobolds
  3 quokkas
  5 ball pythons
  3 frilled lizards
  2 rats
518 creatures vanquished.

Vanquished Creatures (others)
  A troll (D:9)
  An orc (D:5)
  A bush (Lair:6)
  59 fungi
  69 plants
131 creatures vanquished.

Grand Total: 649 creatures vanquished

Notes
Turn   | Place    | Note
-------+----------+-------------------------------------------
     0 | D:1      | karkarkar the Minotaur Fighter began the quest for the Orb.
     0 | D:1      | Reached XP level 1. HP: 19/19 MP: 0/0
   153 | D:1      | Found a faded altar of an unknown god.
   361 | D:1      | Reached XP level 2. HP: 23/27 MP: 1/1
   775 | D:2      | Reached skill level 3 in Axes
  1480 | D:3      | Reached XP level 3. HP: 28/31 MP: 2/2
  1688 | D:3      | Noticed a phantom
  1707 | D:3      | Reached skill level 4 in Axes
  1710 | D:3      | Killed a phantom
  1711 | D:3      | Reached skill level 5 in Axes
  1711 | D:3      | Reached XP level 4. HP: 37/41 MP: 3/3
  1711 | D:3      | Reached XP level 5. HP: 42/47 MP: 4/4
  2617 | D:4      | Reached skill level 6 in Axes
  2617 | D:4      | Reached XP level 6. HP: 23/55 MP: 5/5
  2890 | D:4      | Identified the ring "Reseen" {rElec Str+3 Int+6}
  2913 | D:4      | Reached skill level 5 in Fighting
  3133 | D:4      | Reached skill level 7 in Axes
  3544 | D:5      | Entered Level 5 of the Dungeon
  3552 | D:5      | Found a sparkling altar of Nemelex Xobeh.
  3571 | D:5      | Reached XP level 7. HP: 61/61 MP: 6/6
  3572 | D:5      | Reached skill level 8 in Axes
  3674 | D:5      | Reached skill level 9 in Axes
  3730 | D:5      | Reached XP level 8. HP: 69/71 MP: 7/7
  3931 | D:5      | Reached skill level 10 in Axes
  3931 | D:5      | Reached skill level 1 in Evocations
  4350 | D:5      | Reached skill level 11 in Axes
  4598 | D:5      | Noticed Eustachio
  4635 | D:5      | Killed Eustachio
  4636 | D:5      | Reached XP level 9. HP: 74/81 MP: 8/8
  4757 | D:5      | Found a staircase to the Ecumenical Temple.
  4765 | Temple   | Entered the Ecumenical Temple
  4792 | Temple   | Became a worshipper of Warmaster Okawaru
  4849 | D:5      | Noticed Pikel
  5102 | D:6      | Reached skill level 12 in Axes
  5313 | D:5      | Reached skill level 13 in Axes
  5313 | D:5      | Reached skill level 1 in Stealth
  5362 | D:6      | Reached * piety under Okawaru
  6345 | D:5      | Killed Pikel
  6346 | D:5      | Reached skill level 1 in Invocations
  6505 | D:7      | Reached skill level 14 in Axes
  6542 | D:7      | Reached XP level 10. HP: 87/92 MP: 10/10
  6657 | D:7      | Reached ** piety under Okawaru
  6819 | D:7      | Identified the ring "Baeh" {rPois rC+ Str-2 Dex+6}
  6986 | D:7      | Reached skill level 10 in Fighting
  6997 | D:7      | Got Onyzo's Compendium of Contamination and Fire
  6999 | D:7      | Found a large runed translucent door.
  6999 | D:7      | Found a large runed translucent door.
  7006 | D:7      | Noticed Joseph
  7008 | D:7      | Noticed a two-headed ogre
  7165 | D:7      | Killed Joseph
  7167 | D:7      | Found a large runed translucent door.
  7167 | D:7      | Found a large runed translucent door.
  7427 | D:7      | Found Poingo's Assorted Antiques.
  7437 | D:7      | Bought a scroll of identify for 50 gold pieces
  7437 | D:7      | Identified a scroll of acquirement
  7438 | D:7      | Acquired a +2 vorpal broad axe
  7545 | D:7      | Noticed a deep elf pyromancer
  7553 | D:7      | Killed a deep elf pyromancer
  7856 | D:7      | Reached skill level 15 in Axes
  7965 | D:8      | Reached *** piety under Okawaru
  8017 | D:8      | Noticed a deep elf pyromancer
  8028 | D:8      | Killed a deep elf pyromancer
  8029 | D:8      | Noticed a two-headed ogre
  8332 | D:8      | Noticed a sun demon
  8580 | D:8      | Reached skill level 16 in Axes
  8752 | D:8      | Killed a two-headed ogre
  8752 | D:8      | Reached **** piety under Okawaru
  8753 | D:8      | Reached skill level 1 in Throwing
  8753 | D:8      | Reached XP level 11. HP: 59/101 MP: 11/13
  9003 | D:8      | Noticed a deep elf pyromancer
  9007 | D:8      | Noticed a centaur warrior
  9502 | D:8      | Killed a deep elf pyromancer
  9624 | D:8      | Reached skill level 5 in Invocations
  9831 | D:8      | Found a staircase to the Lair.
 10196 | D:8      | Killed a centaur warrior
 10883 | D:8      | Reached skill level 17 in Axes
 12013 | D:9      | Noticed mordus's ghost (novice FoFi)
 12023 | D:9      | Found a runed translucent gate.
 12023 | D:9      | Found a runed translucent gate.
 12023 | D:9      | Found a runed translucent gate.
 12089 | D:9      | Noticed a two-headed ogre
 12096 | D:9      | Killed a two-headed ogre
 12244 | D:9      | Reached ***** piety under Okawaru
 12894 | D:10     | Entered Level 10 of the Dungeon
 12978 | D:10     | Noticed a two-headed ogre
 12987 | D:10     | Killed a two-headed ogre
 12988 | D:10     | Reached XP level 12. HP: 44/112 MP: 13/16
 13388 | D:10     | Reached skill level 18 in Axes
 13579 | D:10     | Received a gift from Okawaru
 13730 | D:10     | Noticed a two-headed ogre
 13741 | D:10     | Killed a two-headed ogre
 14325 | D:11     | Reached skill level 5 in Armour
 14689 | D:11     | Found a staircase to the Orcish Mines.
 15104 | D:11     | Noticed a two-headed ogre
 15110 | D:11     | Killed a two-headed ogre
 15289 | Lair:1   | Entered Level 1 of the Lair of Beasts
 15858 | Lair:2   | Found a dark tunnel.
 15866 | Volcano  | Entered a volcano
 16047 | Volcano  | Noticed a stone giant
 16055 | Volcano  | Killed a stone giant
 16056 | Volcano  | Reached skill level 5 in Shields
 16377 | Lair:2   | Received a gift from Okawaru
 16649 | Lair:2   | Noticed a seven-headed hydra
 16658 | Lair:2   | Killed a three-headed hydra
 17119 | Lair:2   | Noticed a four-headed hydra
 17134 | Lair:2   | Killed a one-headed hydra
 17599 | Lair:2   | Reached skill level 1 in Long Blades
 17884 | Lair:3   | Reached XP level 13. HP: 70/123 MP: 17/17
 18525 | Lair:3   | Found a staircase to the Snake Pit.
 18552 | Lair:3   | Reached skill level 5 in Throwing
 18635 | Lair:3   | Found a snail-covered altar of Cheibriados.
 19032 | Lair:3   | Identified the +1 pair of gloves "Seut" {Contam rPois
                  | Dex+4} (Okawaru gifted it to you on level 3 of the Lair of
                  | Beasts)
 19032 | Lair:3   | Received a gift from Okawaru
 19844 | Lair:4   | Found a staircase to the Shoals.
 19886 | Lair:4   | Reached skill level 10 in Armour
 20662 | Lair:5   | Found a viscous altar of Jiyva.
 20662 | Lair:5   | Found a staircase to the Slime Pits.
 20700 | Lair:5   | Reached skill level 15 in Fighting
 20953 | Lair:5   | Received a gift from Okawaru
 21634 | Lair:6   | Entered Level 6 of the Lair of Beasts
 21821 | Lair:6   | Reached XP level 14. HP: 135/135 MP: 18/18
 21825 | Lair:6   | Received a gift from Okawaru
 22427 | Lair:6   | Received a gift from Okawaru
 23231 | Lair:6   | Reached ****** piety under Okawaru
 23235 | Lair:6   | Received a gift from Okawaru
 23645 | Orc:1    | Entered Level 1 of the Orcish Mines
 23645 | Orc:1    | Found Anufew's Armour Emporium.
 23668 | Orc:1    | Found Runilu's Weapon Boutique.
 23678 | Orc:1    | Found Momod's Antique Armour Boutique.
 23752 | Orc:1    | Identified the +0 tower shield "Forget-Me-Not" {rPois rF+
                  | rCorr Int+4} (Okawaru gifted it to you on level 1 of the
                  | Orcish Mines)
 23752 | Orc:1    | Received a gift from Okawaru
 23971 | Orc:1    | Found a runed translucent gate.
 23971 | Orc:1    | Found a runed translucent gate.
 23971 | Orc:1    | Found a runed translucent gate.
 23974 | Orc:1    | Noticed Plog's ghost (journeyman MiBe)
 24036 | Orc:2    | Entered Level 2 of the Orcish Mines
 24246 | Orc:2    | Paralysed by an ogre mage for 6 turns
 24250 | Orc:2    | HP: 6/138 [ogre (11)]
 24250 | Orc:2    | Demolished by a two-headed ogre

Illustrated notes

Levels and vault maps discovered:
D:1:      matt_arrival_grand_opening, layout_loops_ring,
          ebering_ecumenical_altar_sacrificial
D:2:      layout_loops_ring
D:3:      layout_loops_ring, minmay_circle_x
D:4:      layout_basic, kennysheep_generic_room_15
D:5:      minmay_chambers_of_threes, layout_basic,
          nemelex_xobeh_ov_fountains_minmay, temple_doors_e, serial_undead,
          serial_undead_b, serial_undead_a, serial_undead_d, serial_undead_d,
          solitary_fountain, minivault_14, lemuel_old_faithful, uniq_eustachio,
          uniq_pikel
D:6:      layout_basic
D:7:      layout_gridville, serial_shops, shop, minmay_hollow_rounded_squares,
          uniq_joseph
D:8:      minmay_cut_squares, layout_layer_cave, david_lair_generic
D:9:      layout_layer_cave, gammafunk_ghost_split,
          hangedman_abyss_or_decor_clamps
D:10:     minmay_distorted_concentric_squares, layout_cave_pools,
          minmay_misc_feat_room, hangedman_abyss_or_decor_stagger,
          kennysheep_generic_room_12
D:11:     layout_loops_ring, erik_orc_1
Temple:   compressed_dpeg_circular_temple
Lair:1:   layout_roguey
Lair:2:   layout_concentric_octagons, nicolae_volcano_entry_hallway,
          minivault_27, serial_bayou_shore_a
Lair:3:   layout_long_grid, minmay_snake_entry_six_corridors,
          kennysheep_snail_temple
Lair:4:   layout_big_grid, elwin_shoals_entry_rocks
Lair:5:   layout_regular_city, dpeg_slime_entry_enclosed_altar,
          chequers_serial_rivers_micro_b, beast_lair_carwin_4,
          lemuel_fruit_fields
Lair:6:   grunt_lair_end_beastmaster, layout_regular_city
Orc:1:    layout_caves, serial_shops, nicolae_shop_statue_plus, shop, shop,
          biasface_ghost_orc_armoury
Orc:2:    st_orc_open, layout_caves, portal_ice_cave_entry_ice_simulacra

Skill      XL: |  1  2  3  4  5  6  7  8  9 10 11 12 13 14 |
---------------+-------------------------------------------+-----
Armour         | 4 8 11 13 | 13.1
Axes           | 3 5 6 7 9 11 14 16 17 18 | 18.0
Shields        | 4 5 6 7 |  7.7
Fighting       | 4 5 6 8 9 10 12 13 15 16 | 16.9
Evocations     | 1 2 |  2.5
Stealth        | 1 2 |  2.5
Invocations    | 1 4 6 7 |  7.9
Throwing       | 1 4 6 8 |  8.7
Long Blades    | 1 |  1.1

Action                   |  1- 3 |  4- 6 |  7- 9 | 10-12 | 13-15 || total
-------------------------+-------+-------+-------+-------+-------++-------
Melee: War axe           |    78 |    87 |   304 |    33 |       ||   502
       Headbutt          |     8 |    15 |    62 |    99 |   152 ||   336
       Broad axe         |       |       |       |   392 |   474 ||   866
       Scimitar          |       |       |       |    10 |    14 ||    24
Throw: Dart              |       |       |     3 |     6 |     4 ||    13
       Boomerang         |       |       |       |     1 |    14 ||    15
       Javelin           |       |       |       |       |    14 ||    14
Invok: Heroism           |       |       |     1 |    29 |     3 ||    33
       Finesse           |       |       |       |     3 |     6 ||     9
Evoke: Wand              |       |       |     2 |       |     2 ||     4
       Lightning rod     |       |       |       |     2 |    13 ||    15
  Use: Scroll            |     2 |     4 |     6 |    13 |     5 ||    30
       Potion            |     1 |       |     3 |     3 |       ||     7
 Stab: Petrified         |       |       |       |       |     2 ||     2
Armor: Scale mail        |    58 |     3 |       |       |       ||    61
       Chain mail        |       |    46 |   130 |   153 |       ||   329
       Plate armour      |       |       |       |    49 |   249 ||   298
Dodge: Dodged            |    40 |    32 |    77 |   174 |   127 ||   450
Block: Buckler           |    14 |    12 |    62 |   107 |    95 ||   290
       Tower shield      |    16 |       |       |       |       ||    16

Table legend: (Time is in decaauts)
 A = Elapsed time spent in this place.
 B = Non-inter-level travel time spent in this place.
 C = Inter-level travel time spent in this place.
 D = Time resting spent in this place.
 E = Time spent auto-exploring this place.
 F = Levels seen in this place.
 G = Mean time per level.
                   A        B        C        D        E       F      G
               +--------+--------+--------+--------+--------+-----+--------+
         Total |  24021 |  23254 |    767 |   5150 |  13349 |  21 | 1143.9 |
       Dungeon |  15324 |  14789 |    535 |   3290 |   8368 |  11 | 1393.1 |
        Temple |     59 |     57 |      2 |      0 |     16 |   1 |   59.0 |
          Lair |   7750 |   7532 |    218 |   1694 |   4643 |   6 | 1291.7 |
  Orcish Mines |    580 |    569 |     11 |    166 |    120 |   2 |  290.0 |
       Volcano |    307 |    307 |      0 |      0 |    201 |   1 |  307.0 |
               +--------+--------+--------+--------+--------+-----+--------+

Top non-repeatable levels by time:
     D:8: 3080 daAuts
     D:7: 1880 daAuts
  Lair:3: 1786 daAuts
     D:5: 1706 daAuts
  Lair:6: 1634 daAuts
     D:9: 1495 daAuts
  Lair:2: 1436 daAuts
  Lair:5: 1310 daAuts
    D:10: 1203 daAuts
    D:11: 1194 daAuts
     D:6: 1167 daAuts
     D:3: 1113 daAuts
     D:4: 981 daAuts
  Lair:1: 859 daAuts
     D:2: 819 daAuts
